AoeStats
← Sir Lilo

Arabia

503421226Analyzed
1v1 RM · 1mo ago on Aug 31, 2026· 47m 18s· 2 players
Game mode
Random Map
Map size
Tiny (2 player)
Population
200
Speed
Normal
Resources
Standard
Victory
Conquest
Starting age
Dark Age
Ending age
Imperial Age
RankedLock teamsTeams togetherTeam positionsShared explorationLock speedFull tech treeHidden civsTurbo modeCheats
Victory
Defeat
🇨🇿 Burgundians · Czechia
855
+15
🇨🇱 Byzantines · Chile
838
-15
Sir Lilo
11:40 Feudal Age
12:13 Double-Bit Axe
14:43 Loom
21:14 Castle Age
20:40 Horse Collar
21:49 Forging
24:36 Pikeman
29:28 Wheelbarrow
35:28 Imperial Age
33:23 Hand Cart
33:07 Elite Skirmisher
40:46 Iron Casting
/Shake/
6:20 Double-Bit Axe
8:14 Loom
11:23 Feudal Age
11:13 Wheelbarrow
10:32 Horse Collar
14:25 Scale Barding Armor
20:21 Heavy Plow
20:25 Gold Mining
23:30 Castle Age
22:07 Padded Archer Armor
22:14 Stone Mining
23:21 Fletching
23:58 Bow Saw
24:40 Crossbowman
25:23 Cavalier
26:22 Leather Archer Armor
26:28 Chain Barding Armor
28:21 Forging
29:00 Ballistics
29:14 Husbandry
32:29 Gold Shaft Mining
32:57 Two-Man Saw
33:15 Hand Cart
33:25 Hand Cart
32:58 Town Watch
33:43 Treadmill Crane
34:52 Crop Rotation
38:15 Scale Mail Armor
38:50 Iron Casting
41:45 Imperial Age
40:02 Bodkin Arrow
43:43 Chemistry
44:07 Blast Furnace
43:19 Paladin
44:24 Guilds
44:54 Plate Barding Armor
44:20 Bracer
Connection lost

Rejoining the realm…

Still unreachable

The connection could not be restored.

Session expired

The server has moved on; the page needs a fresh start.